% Time on Ice - KELOWNA ROCKETS
Lines # - Real PCT - Wanted PCT - Time Play
Normal Forward
1 - 31% - 36% - 14:52
2 - 32% - 36% - 15:00
3 - 28% - 28% - 13:22
4 - 9% - 0% - 4:10
Normal Defense
1 - 34% - 37% - 16:08
2 - 37% - 35% - 17:33
3 - 29% - 28% - 13:43
4 - 0% - 0% - 0:00
PP Forward
1 - 81% - 55% - 2:12
2 - 19% - 45% - 0:31
PP Defense
1 - 81% - 65% - 2:12
2 - 19% - 35% - 0:31
PK Forward
1 - 83% - 65% - 6:34
2 - 17% - 35% - 1:20
PK Defense
1 - 44% - 55% - 3:29
2 - 56% - 45% - 4:25
PK3 Forward
1 - 0% - 60%
2 - 0% - 40%
PK3 Defense
1 - 0% - 55%
2 - 0% - 45%
44 Forward
1 - 100% - 55% - 1:59
2 - 0% - 45% - 0:00
44 Defense
1 - 48% - 55% - 0:57
2 - 52% - 45% - 1:02
Last Minute Offensive  - 0:00
Last Minute Defensive  - 0:00
Total
Forward - 60:00
Defense - 60:00
% Time on Ice - EDMONTON ICE
Lines # - Real PCT - Wanted PCT - Time Play
Normal Forward
1 - 32% - 38% - 15:20
2 - 30% - 36% - 14:00
3 - 26% - 22% - 12:31
4 - 12% - 4% - 5:33
Normal Defense
1 - 33% - 36% - 15:48
2 - 35% - 34% - 16:25
3 - 26% - 24% - 12:11
4 - 6% - 6% - 3:00
PP Forward
1 - 44% - 55% - 3:27
2 - 56% - 45% - 4:27
PP Defense
1 - 56% - 55% - 4:25
2 - 44% - 45% - 3:29
PK Forward
1 - 100% - 57% - 2:43
2 - 0% - 43% - 0:00
PK Defense
1 - 33% - 57% - 0:54
2 - 67% - 43% - 1:49
PK3 Forward
1 - 0% - 55%
2 - 0% - 45%
PK3 Defense
1 - 0% - 55%
2 - 0% - 45%
44 Forward
1 - 62% - 55% - 1:14
2 - 38% - 45% - 0:45
44 Defense
1 - 38% - 55% - 0:45
2 - 62% - 45% - 1:14
Last Minute Offensive  - 0:00
Last Minute Defensive  - 0:00
Total
Forward - 60:00
Defense - 60:00
Play-by-Play 1st period 0:01 of 1st period - Auston Matthews wins face-off versus Jack Eichel in neutral zone. 0:05 of 1st period - Adam Fox is hit by Michael Matheson and loses puck. 0:28 of 1st period - Shot by Auston Matthews. 0:28 of 1st period - Shot Misses the Net. 0:30 of 1st period - Shot by Auston Matthews. 0:30 of 1st period - Shot Blocked by Michael Matheson. 0:32 of 1st period - Shot by Adam Fox. 0:32 of 1st period - Stopped by Jonathan Quick with a rebound. 2:18 of 1st period - Shot by J.T. Compher. 2:18 of 1st period - Shot Blocked by Zach Whitecloud. 2:20 of 1st period - Shot by J.T. Compher. 2:20 of 1st period - Shot Misses the Net. 2:22 of 1st period - Shot by Jonathon Merrill. 2:22 of 1st period - Shot Misses the Net. 2:24 of 1st period - Shot by Mark Giordano. 2:24 of 1st period - Stopped by Jonathan Quick without a rebound. 2:25 of 1st period - Scott Laughton wins face-off versus Cody Eakin in EDMONTON ICE zone. 3:18 of 1st period - Icing by Jonathon Merrill. 3:19 of 1st period - Cody Eakin wins face-off versus Ryan Carpenter in KELOWNA ROCKETS zone. 3:26 of 1st period - Mark Giordano is hit by Austin Watson. 3:29 of 1st period - Icing by Jonathan Dahlen. 3:30 of 1st period - Cody Eakin wins face-off versus Jack Eichel in KELOWNA ROCKETS zone. 3:43 of 1st period - Cody Eakin is hit by Timo Meier and loses puck. 4:52 of 1st period - Shot by Tyler Bertuzzi. 4:52 of 1st period - Stopped by Jonathan Quick without a rebound. 4:53 of 1st period - Auston Matthews wins face-off versus Ryan Carpenter in EDMONTON ICE zone. 5:04 of 1st period - Shot by Auston Matthews. 5:04 of 1st period - Goal by Auston Matthews - KELOWNA ROCKETS : 1 - EDMONTON ICE : 0. 5:05 of 1st period - Ryan Carpenter wins face-off versus Anthony Cirelli in neutral zone. 5:45 of 1st period - Shot by Valeri Nichushkin. 5:45 of 1st period - Stopped by Jonathan Quick with a rebound. 6:11 of 1st period - Shot by Jack Eichel. 6:11 of 1st period - Stopped by Sergei Bobrovsky with a rebound. 6:21 of 1st period - Adam Fox is hit by Timo Meier and loses puck. 6:35 of 1st period - Minor Penalty to Dmitri Orlov for Delaying the game. 6:36 of 1st period - J.T. Compher wins face-off versus Anton Lundell in KELOWNA ROCKETS zone. 6:45 of 1st period - Shot by Timo Meier. 6:45 of 1st period - Stopped by Sergei Bobrovsky without a rebound. 6:46 of 1st period - Jack Eichel wins face-off versus J.T. Compher in KELOWNA ROCKETS zone. 7:12 of 1st period - Shot by Scott Laughton. 7:12 of 1st period - Stopped by Sergei Bobrovsky without a rebound. 7:13 of 1st period - Anton Lundell wins face-off versus Anthony Cirelli in KELOWNA ROCKETS zone. 7:24 of 1st period - Icing by Timo Meier. 7:25 of 1st period - Anton Lundell wins face-off versus Anthony Cirelli in EDMONTON ICE zone. 7:42 of 1st period - Shot by Timo Meier. 7:42 of 1st period - Shot Blocked by Mark Giordano. 8:18 of 1st period - Shot by Shea Theodore. 8:18 of 1st period - Stopped by Sergei Bobrovsky without a rebound. 8:19 of 1st period - Anthony Cirelli wins face-off versus Jack Eichel in KELOWNA ROCKETS zone. 8:32 of 1st period - Shot by Jack Eichel. 8:32 of 1st period - Goal by Jack Eichel - KELOWNA ROCKETS : 1 - EDMONTON ICE : 1. 8:33 of 1st period - Ryan Carpenter wins face-off versus Auston Matthews in neutral zone. 9:02 of 1st period - Shot by Reese Johnson. 9:02 of 1st period - Deflect By Austin Watson. 9:02 of 1st period - Stopped by Sergei Bobrovsky without a rebound. 9:03 of 1st period - J.T. Compher wins face-off versus Jack Eichel in KELOWNA ROCKETS zone. 10:11 of 1st period - Off-side. 10:12 of 1st period - Anton Lundell wins face-off versus Alexander Ovechkin in neutral zone. 10:17 of 1st period - Icing by Anthony Cirelli. 10:18 of 1st period - Anthony Cirelli wins face-off versus Anton Lundell in KELOWNA ROCKETS zone. 10:59 of 1st period - Shot by Anton Lundell. 10:59 of 1st period - Deflect By Kieffer Bellows. 10:59 of 1st period - Stopped by Sergei Bobrovsky without a rebound. 11:00 of 1st period - Timo Meier wins face-off versus Auston Matthews in KELOWNA ROCKETS zone. 11:25 of 1st period - Shot by Jack Eichel. 11:25 of 1st period - Stopped by Sergei Bobrovsky with a rebound. 11:27 of 1st period - Shot by Timo Meier. 11:27 of 1st period - Goal by Timo Meier - KELOWNA ROCKETS : 1 - EDMONTON ICE : 2. 11:28 of 1st period - J.T. Compher wins face-off versus Ryan Carpenter in neutral zone. 12:02 of 1st period - Shot by J.T. Compher. 12:02 of 1st period - Stopped by Jonathan Quick without a rebound. 12:03 of 1st period - Auston Matthews wins face-off versus Anton Lundell in EDMONTON ICE zone. 12:04 of 1st period - Shot by Pavel Buchnevich. 12:04 of 1st period - Shot Hit the Post. 12:06 of 1st period - Shot by Auston Matthews. 12:06 of 1st period - Stopped by Jonathan Quick without a rebound. 12:07 of 1st period - Auston Matthews wins face-off versus Anton Lundell in EDMONTON ICE zone. 12:49 of 1st period - Shot by Joonas Donskoi. 12:49 of 1st period - Shot Misses the Net. 13:04 of 1st period - Shot by Scott Laughton. 13:04 of 1st period - Stopped by Sergei Bobrovsky without a rebound. 13:05 of 1st period - Jack Eichel wins face-off versus J.T. Compher in KELOWNA ROCKETS zone. 13:06 of 1st period - Shot by Timo Meier. 13:06 of 1st period - Shot Blocked by Dmitri Orlov. 13:08 of 1st period - Shot by Andy Greene. 13:08 of 1st period - Shot Misses the Net. 13:24 of 1st period - Shot by Timo Meier. 13:24 of 1st period - Shot Misses the Net. 13:26 of 1st period - Shot by Jack Eichel. 13:26 of 1st period - Goal by Jack Eichel - KELOWNA ROCKETS : 1 - EDMONTON ICE : 3. 13:27 of 1st period - Alexander Ovechkin wins face-off versus Ryan Carpenter in neutral zone. 13:30 of 1st period - Austin Watson is hit by Alexander Ovechkin and loses puck. 13:41 of 1st period - Minor Penalty to Anthony Cirelli for Hooking. 13:42 of 1st period - Jack Eichel wins face-off versus J.T. Compher in KELOWNA ROCKETS zone. 14:11 of 1st period - Shot by Shea Theodore. 14:11 of 1st period - Shot Misses the Net. 16:05 of 1st period - Pavel Buchnevich is hit by Andy Greene and loses puck. 16:14 of 1st period - Shot by Auston Matthews. 16:14 of 1st period - Stopped by Jonathan Quick with a rebound. 16:25 of 1st period - Jonathon Merrill is hit by Andy Greene and loses puck. 16:33 of 1st period - Icing by Zach Whitecloud. 16:34 of 1st period - J.T. Compher wins face-off versus Ryan Carpenter in EDMONTON ICE zone. 17:03 of 1st period - Minor Penalty to Zach Whitecloud for Tripping. 17:04 of 1st period - Auston Matthews wins face-off versus Timo Meier in EDMONTON ICE zone. 17:56 of 1st period - Jonas Brodin is hit by Alexander Ovechkin and loses puck. 19:33 of 1st period - Shot by J.T. Compher. 19:33 of 1st period - Stopped by Jonathan Quick with a rebound. 19:55 of 1st period - Shot by Jonathan Dahlen. 19:55 of 1st period - Shot Misses the Net. Goals for this period are 1 for KELOWNA ROCKETS vs 3 for EDMONTON ICE. Shots for this period are 9 for KELOWNA ROCKETS vs 11 for EDMONTON ICE. 2nd period 0:01 of 2nd period - Anton Lundell wins face-off versus Anthony Cirelli in neutral zone. 0:09 of 2nd period - Shot by Anton Lundell. 0:09 of 2nd period - Stopped by Sergei Bobrovsky without a rebound. 0:10 of 2nd period - Jack Eichel wins face-off versus Anthony Cirelli in KELOWNA ROCKETS zone. 0:24 of 2nd period - Shot by Jack Eichel. 0:24 of 2nd period - Shot Blocked by Adam Fox. 0:40 of 2nd period - Shot by Jack Eichel. 0:40 of 2nd period - St